 Dungeon Crawl Stone Soup version 0.20-a0-1015-g2ec8a95 (console) character file.

96 vuev the Firebug (level 4, -3/24 HPs)
             Began as a Deep Elf Fire Elementalist on Apr 16, 2017.
             Slain by an ice beast (11 damage)
             ... on level 3 of the Dungeon.
             The game lasted 00:06:22 (2731 turns).

vuev the Firebug (Deep Elf Fire Elementalist)       Turns: 2731, Time: 00:06:24

Health: -3/24      AC:  3    Str:  5    XL:     4   Next: 41%
Magic:  3/11       EV: 13    Int: 21    God:
Gold:   15         SH:  0    Dex: 15    Spells: 3/10 levels left

rFire    . . .     SeeInvis +   i - +0 dagger
rCold    . . .     Gourm    .   (no shield)
rNeg     . . .     Faith    .   a - +0 robe
rPois    .         Spirit   .   o - +0 helmet
rElec    .         Reflect  .   (no cloak)
rCorr    .         Harm     .   (no gloves)
MR       .....                  (no boots)
Stlth    ++........             (no amulet)
Regen    0.1/turn               g - ring of see invisible
MPRegen  0.2/turn               (no ring)

@: very slightly contaminated
A: no striking features
a: no special abilities


You were on level 3 of the Dungeon.
You were not hungry.

You visited 1 branch of the dungeon, and saw 3 of its levels.

You collected 15 gold pieces.

Inventory:

Hand Weapons
 i - a +0 dagger (weapon)
Missiles
 j - 80 stones (quivered)
Armour
 a - a +0 robe (worn)
 o - a +0 helmet (worn)
Jewellery
 g - a ring of see invisible (left hand)
Wands
 q - a wand of paralysis (7/24)
Scrolls
 e - a scroll of identify {unknown}
 h - 2 scrolls of immolation {unknown}
 n - 3 scrolls of magic mapping {unknown}
Potions
 d - a potion of curing {unknown}
 k - 2 potions of cancellation {unknown}
 m - a potion of berserk rage {unknown}
Books
 b - a book of Flames

   Spells                             Type                      Level
   a - Flame Tongue                   Conjuration/Fire             1
   b - Throw Flame                    Conjuration/Fire             2
   c - Conjure Flame                  Conjuration/Fire             3
   d - Inner Flame                    Hexes/Fire                   3
   e - Sticky Flame                   Conjuration/Fire             4
   f - Fireball                       Conjuration/Fire             5
Comestibles
 c - a bread ration
 f - a royal jelly
 l - a meat ration
 p - 2 chunks of flesh


   Skills:
 + Level 0.1 Fighting
 - Level 2.4 Dodging
 - Level 2.4 Stealth
 + Level 3.8 Spellcasting
 + Level 2.3 Conjurations
 + Level 4.8 Fire Magic


You had 3 spell levels left.
You knew the following spells:

 Your Spells              Type           Power        Failure   Level  Hunger
a - Flame Tongue          Conj/Fire      ###..        2%          1    None
r - Throw Flame           Conj/Fire      ###...       4%          2    #......
s - Sticky Flame          Conj/Fire      ###.....     28%         4    ####...


Dungeon Overview and Level Annotations

Branches:
Dungeon (3/15)

Altars:
Cheibriados
Fedhas
Makhleb
Yredelemnul
The Shining One


Message History

The ice beast is lightly wounded.
The ice beast is covered in liquid flames!
The ice beast burns!
The ice beast hits you. The ice beast freezes you!
Ouch! That really hurt!
The ice beast burns!
The ice beast burns!
The ice beast burns!
The ice beast stops burning.
Casting: Sticky Flame
Confirm with . or Enter, or press ? or * to list all spells.
You don't have enough magic to cast that spell.
Unknown command.
Casting: Sticky Flame
Confirm with . or Enter, or press ? or * to list all spells.
Aiming: Flame Tongue
Press: ? - help, Shift-Dir - straight line, f/p - ice beast
Aim: an ice beast (severely wounded)
The flame tongue hits the ice beast.
The ice beast appears unharmed.
The ice beast is severely wounded.
The ice beast hits you. The ice beast freezes you!
You die...

#.#########
#######.#.......#
#.......#.#####.#
#.#######'#...#.#########
#.# #...>.....††.......#
#.# #.#....#.#.....###.
####'####.#....#.#####.#
#.........##Y#.#....##.###
#.........##@#.####.#....#
#............#......#....#
#..........#.####........#
##................###....#
###########.###..########
#..............
#####..######## #...
#...........


You could see an ice beast.

Vanquished Creatures
  An adder (D:3)
  An ooze (D:2)
  3 worms (D:2)
  A dart slug (D:2)
  2 leopard geckos (D:2)
  4 bats
  2 giant cockroaches (D:1)
  8 goblins
  11 hobgoblins
  7 jackals
  11 kobolds
  2 quokkas
  4 frilled lizards
  7 rats
64 creatures vanquished.

Notes
Turn   | Place    | Note
-------+----------+-------------------------------------------
     0 | D:1      | vuev the Deep Elf Fire Elementalist began the quest for the Orb.
     0 | D:1      | Reached XP level 1. HP: 10/10 MP: 6/6
   501 | D:1      | Reached XP level 2. HP: 15/15 MP: 6/8
   505 | D:1      | Learned a level 2 spell: Throw Flame
   547 | D:1      | Reached skill level 4 in Fire Magic
   948 | D:1      | Reached XP level 3. HP: 19/19 MP: 2/9
  1272 | D:1      | Found a glowing golden altar of the Shining One.
  1483 | D:2      | Found a burning altar of Makhleb.
  2009 | D:2      | Reached XP level 4. HP: 24/24 MP: 6/11
  2419 | D:2      | Found a snail-covered altar of Cheibriados.
  2424 | D:2      | Found a basalt altar of Yredelemnul.
  2429 | D:2      | Found a blossoming altar of Fedhas.
  2561 | D:3      | Noticed an ice beast
  2570 | D:2      | Learned a level 4 spell: Sticky Flame
  2731 | D:3      | Slain by an ice beast

Vault maps used:
D:1:      dpeg_arrival_tiny_f, serial_bayou, serial_bayou_pond_b,
          serial_bayou_pond_b, serial_bayou_pond_a, serial_bayou_pond_d,
          serial_park_tiny_2, tso_altar
D:2:      lemuel_round_altar, minmay_overflow_temple_star_quad
D:3:      first_bread, nicolae_gozag_seed_capital

Skill      XL: |  1  2  3 |
---------------+----------+-----
Fire Magic     | 4 |  4.8
Conjurations   | 2 |  2.3
Fighting       | |  0.1
Dodging        | |  2.4
Stealth        | |  2.4
Spellcasting   | |  3.8

Action                   |  1- 3 |  4- 6 || total
-------------------------+-------+-------++-------
Throw: Stone             |    23 |     8 ||    31
 Cast: Flame Tongue      |    70 |    23 ||    93
       Throw Flame       |    15 |       ||    15
       Sticky Flame      |       |     1 ||     1
Evoke: Wand              |       |     1 ||     1
  Eat: Chunk             |     4 |     2 ||     6
Armor: Robe              |     3 |     2 ||     5
Dodge: Dodged            |    11 |     5 ||    16
